 Dungeon Crawl Stone Soup version 0.30-a0-782-ge64f9170bb (webtiles) character file.

Game seed: 10272204725794468090

33 Jane the Ducker (level 3, 0/17 HPs)
             Began as a Felid Monk on Feb 21, 2023.
             Was an Initiate of Ru.
             Slain by an adder (1 damage)
             ... on level 3 of the Dungeon.
             The game lasted 00:09:18 (863 turns).

Jane the Ducker (Felid Monk)                         Turns: 863, Time: 00:09:18

Health: 0/17       AC:  1    Str:  7    XL:     3   Next: 12%
Magic:  4/4        EV: 20    Int: 11    God:    Ru [......]
Gold:   90         SH:  0    Dex: 20    Spells: 2/2 levels left
                                        Lives:  0   Deaths: 0

rFire   . . .      SeeInvis +      - Unarmed
rCold   . . .      Faith    .    (shield unavailable)
rNeg    . . .      Spirit   .    (body armour unavailable)
rPois   .          Reflect  .    (helmet unavailable)
rElec   .          Harm     .    (cloak unavailable)
rCorr   .          Rampage  .    (gloves unavailable)
Will    .....                    (boots unavailable)
Stlth   +++                      (no amulet)
HPRegen 0.22/turn                j - ring of flight
MPRegen 0.09/turn                (no ring)

@: lethally poisoned (0 -> -8), flying, quick
A: very small, claws 1, fangs 3, see invisible, speed 1, shaggy fur 1, stealthy
paws, no weapons or thrown items, no armour, multi-lived
a: Renounce Religion, Sacrifice Courage, Sacrifice Essence, Sacrifice Health,
Reject Sacrifices


You were on level 3 of the Dungeon.
You worshipped Ru.
Ru was noncommittal.
You visited 1 branch of the dungeon, and saw 3 of its levels.

You collected 90 gold pieces.

Inventory:

Jewellery
 j - a ring of flight (left paw)
Scrolls
 b - a scroll of enchant armour {unknown}
 f - a scroll of teleportation {unknown}
 g - a scroll of magic mapping {unknown}
 h - a scroll of enchant weapon {unknown}
 k - a scroll of silence {unknown}
Potions
 a - a potion of ambrosia
 c - a potion of invisibility {unknown}
 d - 3 potions of degeneration {unknown}
 e - a potion of berserk rage {unknown}
 i - a potion of curing {unknown}


   Skills:
 + Level 3.3 Fighting
 + Level 4.6 Dodging
 + Level 2.8 Stealth
 + Level 3.6 Unarmed Combat


You had 2 spell levels left.
You didn't know any spells.
Your spell library was empty.

Dungeon Overview and Level Annotations

Branches:
Dungeon (3/15)

Altars:
Ru


Innate Abilities, Weirdness & Mutations

You have sharp claws.
You have razor-sharp teeth.
You have supernaturally acute eyesight. (SInv)
You cover ground quickly. (Speed+)
You are covered in fur. (AC +1)
Your paws help you pounce on unaware monsters.
You are incapable of wielding weapons or throwing items.
You cannot wear armour.
You gain extra lives every three experience levels.


Message History

You scratch the endoplasm.
The endoplasm is severely wounded.
The endoplasm misses you.
You scratch the endoplasm.
You kill the endoplasm!
j - a ring of flight
k - a scroll labelled OREAFR DOKAK You fly up into the air.
j - a ring of flight (left paw) HP restored.
You see here 3 stones.
Found a robe.
You see here a +0 robe.
Found a stone staircase leading down.
The adder hisses angrily.
The adder bites you.
You are poisoned.
The adder poisons you!
You barely miss the adder. You bite the adder.
The adder is lightly wounded.
You feel sick. The adder completely misses you.
You barely miss the adder. Your bite misses the adder.
The adder is lightly wounded.
You feel sick. The adder bites you.
You are more poisoned.
The adder poisons you! The adder bites you.
You are lethally poisoned!
The adder poisons you!
You barely miss the adder. You bite the adder.
The adder is moderately wounded.
You feel very sick. The adder misses you.
You scratch the adder but do no damage.
The adder is moderately wounded.
* * * LOW HITPOINT WARNING * * *
You feel very sick. The adder bites you.
* * * LOW HITPOINT WARNING * * *
The adder attacks as you move away! The adder bites you.
You die...

.# #.....# #. .. ..........#.##
#######. #.#######.........##..##
#.##....
#..........>.###.##....###.##.##.
#.....# #.#..##.##..#..##.##.##.
#...# #...........##.##....##.
#[..# #.........[..#.....#####
##...# #............†#.#.######
#....### #......@S.##..#.#......#
...#...# ##.........##...###.....
.#####.# #####.##.>.............
.# #.#### #....##....#....... .#
#....# #........####...... ##
####.## #.....##.# ##..... # #..#
#...####.# #...... #
##.####...####.####...... #
#...###..##.....##......


You could see an adder.

Vanquished Creatures
  An adder (D:3)
  A worm (D:3)
  2 dart slugs (D:1)
  2 endoplasms
  A giant cockroach (D:1)
  2 goblins
  A hobgoblin (D:1)
  A quokka (D:2)
  3 ball pythons (D:2)
  3 frilled lizards (D:1)
  A rat (D:2)
18 creatures vanquished.

Notes
Turn   | Place    | Note
-------+----------+-------------------------------------------
     0 | D:1      | Jane the Felid Monk began the quest for the Orb.
     0 | D:1      | Reached XP level 1. HP: 10/10 MP: 2/2
   158 | D:1      | Reached XP level 2. HP: 14/14 MP: 3/3
   223 | D:1      | Found a faded altar of an unknown god.
   237 | D:1      | Prayed at the altar of an unknown god.
   237 | D:1      | Became a worshipper of Ru the Awakened
   598 | D:3      | Reached XP level 3. HP: 17/17 MP: 4/4
   863 | D:3      | Slain by an adder

Illustrated notes

Levels and vault maps discovered:
D:1:      spicycebolla_arrival_xxxplode, layout_basic,
          hellmonk_ecumenical_altar_arch_garden
D:2:      layout_basic
D:3:      layout_rooms, kennysheep_generic_room_14

Action                     || total
---------------------------++-------
  Melee: Unarmed           ||    49
         Bite              ||     4
         Punch             ||     2
   Stab: Sleeping          ||     2
  Dodge: Dodged            ||    40

Table legend: (Time is in decaauts)
 A = Elapsed time spent in this place.
 B = Non-inter-level travel time spent in this place.
 C = Inter-level travel time spent in this place.
 D = Time resting spent in this place.
 E = Time spent auto-exploring this place.
 F = Levels seen in this place.
 G = Mean time per level.
                   A        B        C        D        E       F      G
               +--------+--------+--------+--------+--------+-----+--------+
         Total |    711 |    701 |     10 |     37 |     72 |   3 |  237.0 |
       Dungeon |    711 |    701 |     10 |     37 |     72 |   3 |  237.0 |
               +--------+--------+--------+--------+--------+-----+--------+

Top non-repeatable levels by time:
     D:1: 261 daAuts
     D:3: 226 daAuts
     D:2: 222 daAuts
